 Dungeon Crawl Stone Soup version 0.27.1-3-gb3d3a73c9e (webtiles) character file.

Game seed: 15596554452770342561

654577 karkarkar the Executioner (level 27, -1/288 HPs)
             Began as a Minotaur Fighter on Oct 18, 2021.
             Was an Elder of Ashenzari.
             Killed from afar by an orb of fire (20 damage)
             ... with a bolt of fire
             ... on level 5 of the Realm of Zot on Oct 19, 2021.
             The game lasted 06:03:29 (88917 turns).

karkarkar the Executioner (Minotaur Fighter)       Turns: 88917, Time: 06:03:30

Health: -1/288     AC: 32    Str: 30      XL:     27
Magic:  33/33      EV: 15    Int:  6 (9)  God:    Ashenzari [****..]
Gold:   6844       SH: 29    Dex: 10      Spells: 49/49 levels left

rFire    + + .     SeeInvis +   m - +8 broad axe "Per Aspera Ad Scientiam" {flame, Cun, Melee} (curse)
rCold    + + +     Faith    .   w - +2 tower shield
rNeg     + . .     Spirit   .   Y - +1 gold dragon scales
rPois    +         Reflect  .   (helmet restricted)
rElec    +         Harm     .   n - +1 cloak "Dismay of Ashenzari" {Will+, Fort, Self} (curse)
rCorr    +         Rampage  .   Q - +2 pair of gloves "Gnostic Portent" {Melee, Fort} (curse)
Will     ++++.     Clarity  +   M - +2 pair of boots of the Tethered Shame {Int+2, Cun, Self} (curse) Stlth ..........Rnd*Tele +
                                f - amulet of Vitality {Regen+ HP+15, Range, Fort} (curse)
HPRegen  1.58/turn              J - ring "Tethered With Me" {Slay+4, Melee, Range} (curse)
MPRegen  0.23/turn              I - ring of Ashenzari's Comet {rPois rN+ Will+, Self, Range} (curse)

@: resistant, hasted, very quick
A: horns 2, retaliatory headbutt, talons 2, cold resistance 1, deformed body,
deterioration 2, low mp 1, shaggy fur 1, teleportitis 1, weak 1, no potion heal
1, sturdy frame 1
}: 4/15 runes: decaying, slimy, silver, gossamer
a: Renounce Religion, Curse Item, Shatter the Chains


You were on level 5 of the Realm of Zot.
You worshipped Ashenzari.
Ashenzari was greatly pleased with you.
You visited 11 branches of the dungeon, and saw 57 of its levels.
You visited the Abyss 1 time.
You also visited: Gauntlet.

You collected 9306 gold pieces.
You spent 2462 gold pieces at shops.

Inventory:

Hand Weapons
 m - the cursed +8 broad axe "Per Aspera Ad Scientiam" (weapon) {flame, Cun, Melee}
   (You took it off Urug on level 12 of the Dungeon)

   It burns those it strikes, dealing additional fire damage.
   Big, fiery blades are also staple armaments of hydra-hunters.
   It has a curse which improves the following skills: Cunning: Dodging and
   Stealth.
   Melee Combat: Short Blades, Long Blades, Axes, Maces & Flails, Polearms,
   Staves and Unarmed Combat.
 y - a +9 vorpal broad axe
Missiles
 c - 5 silver javelins (quivered)
 d - 3 datura-tipped darts
 F - 20 atropa-tipped darts
Armour
 l - +0 storm dragon scales
 n - the cursed +1 cloak "Dismay of Ashenzari" (worn) {Will+, Fort, Self}
   (You acquired it on level 3 of the Dungeon)

   It has a curse which improves the following skills: Fortitude: Armour and
   Shields.
   Introspection: Fighting and Spellcasting.
 s - +3 shadow dragon scales
 w - a +2 tower shield (worn)
 M - the cursed +2 pair of boots of the Tethered Shame (worn) {Int+2, Cun, Self}
   (You found it in a Gauntlet)

   Int:       It affects your intelligence (+2).
   It has a curse which improves the following skills: Cunning: Dodging and
   Stealth.
   Introspection: Fighting and Spellcasting.
 Q - the cursed +2 pair of gloves "Gnostic Portent" (worn) {Melee, Fort}
   (You bought it in a shop on level 2 of the Orcish Mines)

   It has a curse which improves the following skills: Melee Combat: Short
   Blades, Long Blades, Axes, Maces & Flails, Polearms, Staves and Unarmed
   Combat.
   Fortitude: Armour and Shields.
 Y - +1 gold dragon scales (worn)
Jewellery
 f - the cursed amulet of Vitality (around neck) {Regen+ HP+15, Range, Fort}
   (You acquired it on level 1 of the Depths)

   [amulet of regeneration]

   HP:        It affects your health (+15).
   Regen:     It increases your rate of health regeneration.
   It has a curse which improves the following skills: Ranged Combat: Slings,
   Bows, Crossbows and Throwing.
   Fortitude: Armour and Shields.
 i - a ring of willpower
 B - the ring of Zeledumu {rN+ Will- rCorr Dex-5 Stlth+}
   (You found it on level 5 of the Pits of Slime)

   [ring of positive energy]

   Dex:       It affects your dexterity (-5).
   rN:        It protects you from negative energy.
   rCorr:     It protects you from acid and corrosion.
   Will:      It decreases your willpower.
   Stlth:     It makes you more stealthy.
 D - the ring "Oran" {Will+ Str+3 Int+2 SInv}
   (You took it off a deep elf high priest on level 5 of the Vaults)

   [ring of willpower]

   Str:       It affects your strength (+3).
   Int:       It affects your intelligence (+2).
   SInv:      It lets you see invisible.
   Will:      It increases your willpower.
 I - the cursed ring of Ashenzari's Comet (right hand) {rPois rN+ Will+, Self, Range}
   (You found it on level 3 of the Depths)

   [ring of positive energy]

   rPois:     It protects you from poison.
   rN:        It protects you from negative energy.
   Will:      It increases your willpower.
   It has a curse which improves the following skills: Introspection: Fighting
   and Spellcasting.
   Ranged Combat: Slings, Bows, Crossbows and Throwing.
 J - the cursed ring "Tethered With Me" (left hand) {Slay+4, Melee, Range}
   (You found it on level 5 of the Vaults)

   [ring of slaying]

   Slay:      It affects your accuracy & damage with ranged weapons and melee
   (+4).
   It has a curse which improves the following skills: Melee Combat: Short
   Blades, Long Blades, Axes, Maces & Flails, Polearms, Staves and Unarmed
   Combat.
   Ranged Combat: Slings, Bows, Crossbows and Throwing.
 L - the ring "Xuqoal" {rElec rC- rN+ rCorr SInv}
   (You found it on level 3 of the Crypt)

   [ring of positive energy]

   rC:        It makes you vulnerable to cold.
   rElec:     It insulates you from electricity.
   rN:        It protects you from negative energy.
   SInv:      It lets you see invisible.
   rCorr:     It protects you from acid and corrosion.
 O - a ring of resist corrosion
 P - the ring "Etougif" {rPois rN+ Will- MP+9 Str+3}
   (You found it on level 2 of the Crypt)

   [ring of magical power]

   Str:       It affects your strength (+3).
   rPois:     It protects you from poison.
   rN:        It protects you from negative energy.
   MP:        It affects your magic capacity (+9).
   Will:      It decreases your willpower.
 X - the ring of Edystroi {+Blink rN+}
   (You found it on level 3 of the Crypt)

   [ring of positive energy]

   rN:        It protects you from negative energy.
   +Blink:    It lets you blink.
Wands
 b - a wand of flame (177)
 g - a wand of digging (4)
 k - a wand of paralysis (30)
 t - a wand of iceblast (72)
 A - a wand of polymorph (29)
 V - a wand of acid (1)
Scrolls
 a - 5 scrolls of fog
 h - 4 scrolls of fear
 o - a scroll of enchant weapon
 r - 13 scrolls of teleportation
 x - 8 scrolls of holy word
 G - 2 scrolls of blinking
 K - 5 scrolls of amnesia
 T - 5 scrolls of magic mapping
 Z - 3 scrolls of torment
Potions
 e - 2 potions of resistance
 j - 10 potions of lignification
 p - 3 potions of mutation
 q - 5 potions of invisibility
 u - 23 potions of curing
 v - 4 potions of ambrosia
 C - 5 potions of attraction
 E - a potion of haste
 H - a potion of brilliance
 N - 7 potions of flight
 R - 6 potions of might
 S - 2 potions of cancellation
Miscellaneous
 U - a condenser vane (inert)
 W - a box of beasts


   Skills:
 - Level 24.0(27) Fighting
 + Level 0.5(2.4) Short Blades
 + Level 0.7(2.9) Long Blades
 - Level 25.1(27) Axes
 + Level 0.6(17.5) Maces & Flails
 + Level 1.0(17.6) Polearms
 + Level 0.6(2.8) Staves
 + Level 0.5(2.3) Slings
 + Level 0.4(2.0) Bows
 + Level 0.6(2.6) Crossbows
 * Level 20.5(24.0) Armour
 * Level 20.2(22.8) Dodging
 + Level 12.7(15.8) Stealth
 - Level 23.0(26.3) Shields
 + Level 0.4(2.0) Unarmed Combat
 - Level 7.1(11.6) Spellcasting
 + Level 0.3 Conjurations
 + Level 0.3 Hexes
 + Level 0.3 Summonings
 + Level 0.3 Necromancy
 + Level 0.3 Translocations
 + Level 0.3 Transmutations
 + Level 0.2 Fire Magic
 + Level 0.3 Ice Magic
 + Level 0.3 Air Magic
 + Level 5.8 Earth Magic
 + Level 0.4 Poison Magic
 - Level 0.4 Invocations
 - Level 14.6 Evocations


You had 49 spell levels left.
You didn't know any spells.
Your spell library contained the following spells:

 Spells                   Type           Power      Damage    Failure   Level
 Sandblast                Erth           20%        2d7       7%          1
 Passwall                 Tmut/Erth      5%         N/A       32%         2
 Animate Skeleton         Necr           6%         N/A       54%         1
 Apportation              Tloc           6%         N/A       54%         1
 Freeze                   Ice            12%        1d4       54%         1
 Shock                    Conj/Air       12%        1d3       54%         1
 Sting                    Tmut/Pois      12%        1d3       54%         1
 Summon Small Mammal      Summ           12%        N/A       54%         1
 Corona                   Hex            3%         N/A       56%         1
 Magic Dart               Conj           12%        1d3       56%         1
 Blink                    Tloc           N/A        N/A       69%         2
 Call Imp                 Summ           3%         N/A       69%         2
 Corpse Rot               Necr/Air       N/A        N/A       69%         2
 Ensorcelled Hibernation  Hex/Ice        6%         N/A       69%         2
 Poisonous Vapours        Pois/Air       6%         N/A       69%         2
 Static Discharge         Conj/Air       3%         N/A       69%         2
 Sublimation of Blood     Necr           1%         N/A       69%         2
 Searing Ray              Conj           6%         3d3       71%         2
 Slow                     Hex            3%         N/A       71%         2
 Wereblood                Tmut           3%         N/A       71%         2
 Frozen Ramparts          Ice            6%         1d2       89%         3
 Lesser Beckoning         Tloc           1%         N/A       89%         3
 Mephitic Cloud           Conj/Pois/Air  3%         N/A       89%         3
 Ozocubu's Armour         Ice            3%         N/A       89%         3
 Portal Projectile        Hex/Tloc       6%         N/A       89%         3
 Summon Guardian Golem    Hex/Summ       3%         N/A       89%         3
 Swiftness                Air            3%         N/A       89%         3
 Vampiric Draining        Necr           1%         2d6       89%         3
 Lee's Rapid Deconstruct  Erth           5%         3d7*      89%         5
 Confusing Touch          Hex            3%         N/A       90%         3
 Dazzling Flash           Conj/Hex       6%         N/A       90%         3
 Tukima's Dance           Hex            3%         N/A       90%         3
 Animate Armour           Summ/Erth      14%        N/A       91%         4
 Leda's Liquefaction      Hex/Erth       3%         N/A       91%         4
 Petrify                  Tmut/Erth      7%         N/A       91%         4
 Airstrike                Air            1%         N/A       100%        4
 Animate Dead             Necr           1%         N/A       100%        4
 Dispel Undead            Necr           3%         3d7       100%        4
 Fulminant Prism          Conj/Hex       1%         3d6       100%        4
 Hailstorm                Conj/Ice       3%         3d3       100%        4
 Ice Form                 Ice/Tmut       3%         N/A       100%        4
 Olgreb's Toxic Radiance  Pois           3%         N/A       100%        4
 Passage of Golubria      Tloc           N/A        N/A       100%        4
 Sticky Flame             Conj/Fire      3%         2d3       100%        4
 Summon Ice Beast         Ice/Summ       3%         N/A       100%        4
 Summon Lightning Spire   Summ/Air       3%         N/A       100%        4
 Agony                    Necr           3%         N/A       100%        5
 Alistair's Intoxication  Tmut/Pois      2%         N/A       100%        5
 Blade Hands              Tmut           1%         N/A       100%        5
 Bolt of Magma            Conj/Fire/Erth 3%         4d5       100%        5
 Excruciating Wounds      Necr           1%         N/A       100%        5
 Freezing Cloud           Conj/Ice/Air   1%         6-21      100%        5
 Iskenderun's Battlesphe  Conj           3%         2d6       100%        5
 Lightning Bolt           Conj/Air       1%         1d12      100%        5
 Manifold Assault         Tloc           3%         N/A       100%        5
 Metabolic Englaciation   Hex/Ice        1%         N/A       100%        5
 Silence                  Hex/Air        1%         N/A       100%        5
 Summon Forest            Summ/Tloc      1%         N/A       100%        5
 Summon Mana Viper        Hex/Summ       3%         N/A       100%        5
 Yara's Violent Unravell  Hex/Tmut       1%         3d3       100%        5
 Death Channel            Necr           1%         N/A       100%        6
 Eringya's Noxious Bog    Tmut/Pois      1%         N/A       100%        6
 Invisibility             Hex            1%         N/A       100%        6
 Iron Shot                Conj/Erth      3%         9d2       100%        6
 Shadow Creatures         Summ           N/A        N/A       100%        6
 Simulacrum               Ice/Necr       1%         N/A       100%        6
 Statue Form              Tmut/Erth      4%         N/A       100%        6
 Haunt                    Necr/Summ      1%         N/A       100%        7
 Malign Gateway           Summ/Tloc      1%         N/A       100%        7
 Orb of Destruction       Conj           1%         N/A       100%        7
 Spellforged Servitor     Conj/Summ      1%         N/A       100%        7
 Storm Form               Tmut/Air       1%         N/A       100%        7
 Summon Hydra             Summ           1%         N/A       100%        7
 Ignition                 Fire           1%         3d3       100%        8
 Infestation              Necr           1%         N/A       100%        8
 Lehudib's Crystal Spear  Conj/Erth      3%         10d3      100%        8
 Maxwell's Capacitive Co  Air            1%         ∞         100%        8
 Summon Horrible Things   Summ           1%         N/A       100%        8
 Chain Lightning          Conj/Air       1%         3d2       100%        9
 Death's Door             Necr           1%         N/A       100%        9
 Fire Storm               Conj/Fire      1%         8d1       100%        9
 Polar Vortex             Ice            1%         N/A       100%        9


Dungeon Overview and Level Annotations

Branches:
Dungeon (15/15)            Temple (0/1) D:7            Lair (6/6) D:8
  Swamp (4/4) Lair:3       Spider (4/4) Lair:2        Slime (5/5) Lair:6
    Orc (2/2) D:10            Elf (3/3) Orc:2        Vaults (5/5) D:13
  Crypt (3/3) Vaults:2       Tomb (0/3) Crypt:3      Depths (5/5) D:15
    Zot (5/5) Depths:5    Gauntlet (visited)

Altars:
Ashenzari
Elyvilon
Fedhas
Gozag
Hepliaklqana
Kikubaaqudgha
Okawaru
Qazlal
Sif Muna
Trog
Uskayaw
Vehumet
Wu Jian
Xom
Yredelemnul
Beogh
Jiyva
Lugonu

Shops:
D:1 :   D:2 =   D:4 [[!=   D:6 (   D:10 :   D:11 [=*(   Orc:2 :?([*
Elf:3 (*=*   Vaults:1 !   Vaults:2 :   Depths:1 [*

Portals:
Hell: Depths:1 Depths:2 Depths:3 Depths:4 Depths:5
Abyss: Depths:4 Depths:5
Pandemonium: Depths:3
Ziggurat: Depths:1

Annotations:
D:14 2 transporters
Lair:4 exclusion: 2 oklob plants
Swamp:4 exclusion: oklob plant
Spider:1 1 runed translucent door, Beorghan's ghost, adept MiBe
Vaults:1 8 runed translucent doors, VictoriousLee's ghost, adept DsAK
Depths:2 3 runed translucent doors, Hogiurom's ghost, adept TrMo
Depths:3 1 runed translucent door, Pikuto's ghost, adept MiBe
Zot:2 2 transporters, Goitinis's ghost, veteran DgFi


Innate Abilities, Weirdness & Mutations

You have a pair of horns on your head.
You reflexively headbutt those who attack you in melee.
You have razor-sharp toenails.
Your flesh is cold resistant. (rC+)
Armour fits poorly on your strangely shaped body.
Your body often deteriorates upon taking damage.
Your magical capacity is low. (-10% MP)
You are covered in fur. (AC +1)
You are occasionally teleported next to monsters.
You are weak. (Str -2)
Potions are less effective at restoring your health.
Your movements are slightly less encumbered by armour. (ER -2)


Message History

The bolt of fire hits you!!! You resist.
You miss the orb of fire.
The orb of fire is lightly damaged.
You miss the orb of fire.
The orb of fire is lightly damaged.
You slash the orb of fire! Your headbutt misses the orb of fire.
The orb of fire is moderately damaged.
The orb of fire emits a lurid red light.
The bolt of fire hits you!! You resist.
You closely miss the orb of fire.
The orb of fire is moderately damaged.
The orb of fire glows bright magenta.
The bolt of fire hits you!! You resist.
You feel protected.
The orb of fire glows bright magenta.
The bolt of fire hits you! You resist.
* * * LOW HITPOINT WARNING * * *
The orb of fire emits a lurid red light.
The bolt of fire hits you!! You resist.
* * * LOW HITPOINT WARNING * * *
You hit the orb of fire but do no damage.
The orb of fire is moderately damaged.
You feel yourself speed up.
The orb of fire glows deep purple.
Strange energies course through your body.
You feel weaker.
The orb of fire glows red.
The fireball explodes!
The fireball engulfs you!! You resist.
* * * LOW HITPOINT WARNING * * *
The orb of fire glows yellow.
The fireball explodes!
The fireball engulfs you! You resist.
* * * LOW HITPOINT WARNING * * *
You see here a potion of degeneration.
The orb of fire glows deep purple.
The bolt of fire hits you! You resist.
* * * LOW HITPOINT WARNING * * *
There is a stone staircase leading up here.
The orb of fire glows deep purple.
The bolt of fire hits you!! You resist.
You die...

.###.#### #.# #.#
.###'#######.###.##
..........##(###.##
..........##.###.##
.......(..##.###.##
..........##.###.##
..........'......##
..........##.###.##
..........##.###@##
..........##.###.##
#'#.......##.###!##
#.#.......##.###*##
#.'.......##.###.##
..#.......'......##
..#.......##.######
###.......##.######
###.......##.##


You could see an orb of fire.

Vanquished Creatures
  the Royal Jelly (Slime:5)
  An orb of fire (Zot:5)
  4 dread liches
  An ancient lich (Crypt:2)
  Boris (twice) (Depths:4 Crypt:3)
  A Killer Klown (Zot:5)
  Saint Roka (Orc:2)
  Margery (Vaults:3)
  10 golden dragons
  2 bone dragons
  3 electric golems
  18 tentacled monstrosities
  Rupert (D:14)
  6 Orb Guardians (Zot:5)
  6 quicksilver dragons
  3 deep elf blademasters
  9 liches
  19 acid blobs
  2 deep elf master archers (Elf:3)
  A tentacled starspawn (Depths:3)
  5 sphinxes
  4 death cobs
  6 titans
  An ancient champion (Vaults:2)
  7 tengu reavers
  9 shadow dragons
  Frances (D:14)
  2 thorn hunters
  2 draconian monks
  23 storm dragons
  3 revenants
  Kirke (D:12)
  17 rockslimes
  12 azure jellies
  22 vault wardens
  6 fire giants
  10 frost giants
  3 draconian knights
  8 deep elf sorcerers
  6 emperor scorpions
  4 iron dragons
  4 draconian scorchers
  6 draconian shifters
  2 ghost moths (Spider:4)
  An orc warlord (Vaults:2)
  4 curse skulls
  5 deep elf elementalists (Elf:3)
  Louise (D:14)
  2 balrugs
  2 draconian stormcallers (Zot:1)
  17 ironbound preservers
  A juggernaut zombie (D:15)
  A ghoul (Crypt:2)
  7 draconian annihilators
  17 quicksilver oozes
  A reaper (Depths:3)
  A spriggan defender (Depths:4)
  20 very ugly things
  3 war gargoyles (Crypt:3)
  A quicksilver ooze (shapeshifter) (Gauntlet)
  A juggernaut skeleton (Crypt:1)
  19 stone giants
  3 deep elf demonologists (Elf:3)
  6 vampire knights
  A bunyip (Swamp:3)
  8 black draconians
  4 dire elephants
  9 white draconians
  5 green draconians
  5 spark wasps
  5 deep elf annihilators
  6 entropy weavers
  10 red draconians
  11 purple draconians
  9 yellow draconians
  4 eidola
  5 eleionomae
  6 deep elf death magi
  7 fire dragons
  Josephine (D:10)
  3 merfolk impalers
  A crystal guardian (Vaults:3)
  An ettin (shapeshifter) (Depths:4)
  A quicksilver dragon zombie (Crypt:3)
  3 deep elf high priests
  11 ettins
  Snorg (Lair:4)
  20 yaktaur captains
  2 jiangshi (Crypt:3)
  A peacekeeper (Vaults:3)
  9 great orbs of eyes
  6 ice dragons
  8 ironbound thunderhulks
  36 vault guards
  8 hydras
  An ice dragon (shapeshifter) (Vaults:5)
  5 ogre magi
  Fannar (Lair:1)
  9 rakshasas
  3 spriggan air magi
  A hell beast (Depths:3)
  2 ghost crabs (Swamp:4)
  6 boulder beetles
  15 centaur warriors
  9 ironbound frosthearts
  A catoblepas (Lair:5)
  Erica (D:8)
  4 death knights
  14 dancing weapons
  13 deep troll earth magi
  6 tengu warriors
  6 two-headed ogres
  A death yak (D:8)
  Urug (D:12)
  10 alligators
  2 vampire magi (Crypt:3)
  6 deep troll shamans
  7 ironbound beastmasters
  A storm dragon zombie (Crypt:3)
  A titan zombie (Crypt:3)
  4 spriggan berserkers
  3 thrashing horrors (Depths:3)
  7 soul eaters
  8 deep elf knights
  Sonja (D:12)
  Nergalle (D:12)
  26 hell knights
  15 iron trolls
  2 wretched stars (Depths:3)
  3 sun demons
  29 skeletal warriors
  A sea snake (shapeshifter) (Gauntlet)
  A spatial maelstrom (Abyss:2)
  6 spriggan druids
  4 glowing orange brains
  42 deep trolls
  6 goliath frogs
  An infernal demonspawn (Depths:3)
  6 bog bodies
  An anaconda zombie (Crypt:3)
  2 flayed ghosts
  7 swamp dragons
  A spectral hydra (Swamp:4)
  Pikel (D:6)
  An iron giant skeleton (Crypt:2)
  9 deep elf archers
  14 phantasmal warriors
  21 ironbound convokers
  12 lindwurms
  A golden dragon skeleton (Crypt:3)
  An iron dragon zombie (Crypt:1)
  6 necromancers
  3 orc knights
  77 ugly things
  31 deep elf pyromancers
  21 deep elf zephyrmancers
  5 harpies (Vaults:2)
  A wolf spider zombie (Crypt:3)
  A mana viper (shapeshifter) (Depths:4)
  A wolf spider (shapeshifter) (Depths:3)
  A sphinx skeleton (Crypt:1)
  25 wolf spiders
  An oklob plant (Lair:6)
  2 orc sorcerers
  20 wizards
  A stone giant zombie (D:15)
  3 manticores
  12 orb spiders
  A shining eye (shapeshifter) (Depths:4)
  6 shining eyes
  An eleionoma zombie (Crypt:2)
  26 moths of wrath
  2 will-o-the-wisps
  A worldbinder (Depths:3)
  5 cyclopes
  9 elephants
  2 fire giant skeletons (Crypt:3)
  An eye of devastation (Slime:5)
  2 rust devils (Depths:3)
  2 torpor snails
  22 vault sentinels
  2 water nymphs (shapeshifter)
  7 centaur zombies
  8 black mambas
  A spriggan skeleton (D:15)
  8 cane toads
  An apocalypse crab (Gauntlet)
  An unseen horror (shapeshifter) (Depths:3)
  2 molten gargoyles (Lair:6)
  5 gargoyles
  2 rime drakes
  A yaktaur (shapeshifter) (Elf:1)
  Psyche (D:8)
  9 freezing wraiths
  An unseen horror (D:12)
  A death yak zombie (Crypt:2)
  3 tengu conjurers
  A grey draconian zombie (Crypt:2)
  12 komodo dragons
  A komodo dragon (shapeshifter) (Vaults:5)
  37 yaktaurs
  4 swamp worm zombies (Swamp:4)
  7 demonic crawlers
  2 efreet
  A black draconian zombie (Crypt:2)
  3 kobold demonologists
  2 ice devils (Depths:3)
  A hellwing (Depths:3)
  4 red devils (Crypt:3)
  A guardian mummy (D:15)
  2 hydra zombies (Swamp:4)
  A silent spectre (Crypt:2)
  A queen bee (D:10)
  A meliai (shapeshifter) (Depths:4)
  A polar bear (Lair:4)
  5 trolls
  30 jumping spiders
  A catoblepas skeleton (Crypt:3)
  9 tyrant leeches
  Prince Ribbit (Lair:2)
  8 blink frogs
  14 hornets
  A raiju (shapeshifter) (Gauntlet)
  6 alligator zombies
  69 slime creatures
  2 fire dragon zombies (Crypt:3)
  15 flying skulls (Crypt:1)
  44 redbacks
  6 shadows
  12 tarantellas
  13 spriggans
  A fire dragon skeleton (D:15)
  7 wyverns
  29 yaks
  8 vampires
  16 water elementals
  A human (shapeshifter) (Elf:3)
  A yak (shapeshifter) (Depths:3)
  9 basilisks
  A hog (D:12)
  4 large abominations (Depths:3)
  20 wraiths
  A black mamba skeleton (Crypt:1)
  2 fire elementals (Elf:3)
  A tyrant leech zombie (Crypt:1)
  3 fire bats (Orc:2)
  12 golden eyes
  2 steam dragons (Lair:6)
  A neqoxec (Depths:3)
  2 chaos spawn (Depths:3)
  2 vampire mosquitoes (D:13)
  15 swamp worms
  A warg (Orc:2)
  10 water moccasins
  3 hell hounds (Lair:6)
  An acid dragon (D:9)
  A floating eye (Depths:3)
  3 swamp drakes
  40 orc warriors
  2 sky beasts
  A black bear (D:6)
  10 ogres
  2 necrophages
  A swamp dragon zombie (Swamp:4)
  10 wolves
  2 lemures (D:6)
  12 centaurs
  6 phantoms
  9 bullfrogs
  A kobold brigand (D:10)
  An elf zombie (Crypt:3)
  2 gnoll sergeants
  An elf skeleton (Crypt:2)
  3 scorpions
  4 earth elementals
  A water moccasin zombie (Crypt:1)
  A yak zombie (Crypt:1)
  8 killer bees (D:10)
  5 wights (D:9)
  3 howler monkeys
  2 hounds
  5 lava snakes (Lair:6)
  2 jellies
  3 bullfrog skeletons
  20 orc priests
  Crazy Yiuf (D:6)
  A black bear zombie (Crypt:2)
  2 gnoll shamans
  5 iguanas
  A centaur skeleton (D:7)
  A human skeleton (Crypt:3)
  Ijyb (D:5)
  7 hell rats (Lair:5)
  20 orc wizards
  A killer bee zombie (D:7)
  A dwarf zombie (Crypt:2)
  A human simulacrum (D:13)
  17 gnolls
  8 adders
  A swamp drake skeleton (Crypt:1)
  A shadow imp (D:7)
  An ufetubus (D:5)
  4 worms
  6 dart slugs
  79 orcs
  6 endoplasms
  5 giant cockroaches
  9 goblins
  3 hobgoblins
  16 kobolds
  2 quokkas
  7 ball pythons
  3 bats
  5 frilled lizards
  A quokka skeleton (Crypt:2)
  5 rats
  A rat skeleton (Crypt:1)
  A spectral kobold (D:3)
  7 briar patches (Swamp:2)
  3 starspawn tentacles (Depths:3)
2148 creatures vanquished.

Vanquished Creatures (collateral kills)
  Asterion (Vaults:3)
  A tengu reaver (Vaults:5)
  A fenstrider witch (Swamp:4)
  A vault warden (Vaults:5)
  A dire elephant (Vaults:1)
  A red draconian (Zot:4)
  3 vault guards (Vaults:5)
  2 deep troll shamans (Depths:1)
  2 ugly things (Vaults:1)
  2 oklob plants (Lair:6)
  3 vault sentinels
18 creatures vanquished.

Vanquished Creatures (others)
  An eleionoma (Swamp:1)
  A ghost crab (Swamp:4)
  A wizard (Vaults:1)
  An unseen horror (D:13)
  3 bloated husks (Swamp:4)
  A human (Crypt:2)
  A vampire mosquito (D:13)
  A human simulacrum (D:13)
  An orc (D:8)
  4 briar patches
  8 foxfires (Swamp:3)
  18 fungi
  36 plants
  A starspawn tentacle (Depths:3)
  41 withered plants
119 creatures vanquished.

Grand Total: 2285 creatures vanquished

Notes
Turn   | Place    | Note
-------+----------+-------------------------------------------
     0 | D:1      | karkarkar the Minotaur Fighter began the quest for the Orb.
     0 | D:1      | Reached XP level 1. HP: 19/19 MP: 0/0
   431 | D:1      | Reached XP level 2. HP: 16/27 MP: 1/1
   557 | D:1      | Found Jyopaty's Book Shop.
  1341 | D:2      | Reached XP level 3. HP: 33/33 MP: 2/2
  1605 | D:2      | Found Naic's Jewellery Shoppe.
  1608 | D:2      | Reached skill level 3 in Axes
  1847 | D:3      | Found a hazy altar of Hepliaklqana.
  1865 | D:3      | Found an ancient bone altar of Kikubaaqudgha.
  1876 | D:3      | Reached XP level 4. HP: 38/40 MP: 3/3
  1887 | D:3      | Found a hide-covered altar of Uskayaw.
  2020 | D:3      | Found a faded altar of an unknown god.
  2336 | D:3      | Found an ornate altar of the Wu Jian Council.
  2367 | D:3      | Reached skill level 4 in Axes
  2367 | D:3      | Reached XP level 5. HP: 47/47 MP: 4/4
  2830 | D:4      | Found a broken altar of Ashenzari.
  2830 | D:4      | Found a shimmering altar of Xom.
  2834 | D:3      | Identified 2 scrolls of acquirement
  2834 | D:3      | Acquired a +1 cloak of willpower
  2871 | D:4      | Became a worshipper of Ashenzari the Shackled
  2966 | D:4      | Found a white marble altar of Elyvilon.
  3051 | D:4      | Found Fiatt's Armour Emporium.
  3056 | D:4      | Bought a +1 pair of gloves for 149 gold pieces
  3134 | D:4      | Found Cyrchoug's Armour Shoppe.
  3200 | D:4      | Found Cawiexka's Jewellery Boutique.
  3245 | D:4      | Found Rekowk's Distillery.
  3562 | D:5      | Entered Level 5 of the Dungeon
  3588 | D:5      | Reached skill level 5 in Axes
  3588 | D:5      | Reached skill level 5 in Shields
  3588 | D:5      | Reached XP level 6. HP: 39/53 MP: 5/5
  3596 | D:5      | Reached skill level 5 in Armour
  3982 | D:5      | Reached skill level 1 in Dodging
  4042 | D:5      | Noticed Ijyb
  4057 | D:5      | Killed Ijyb
  4058 | D:5      | Reached skill level 5 in Fighting
  4674 | D:6      | Reached * piety under Ashenzari
  4694 | D:6      | Noticed a sky beast
  4697 | D:6      | Reached XP level 7. HP: 63/63 MP: 6/6
  4701 | D:6      | Reached skill level 6 in Axes
  4706 | D:6      | Reached skill level 1 in Evocations
  4978 | D:6      | Reached skill level 7 in Axes
  5053 | D:6      | Noticed Pikel
  5071 | D:6      | Killed Pikel
  5072 | D:6      | Reached skill level 8 in Axes
  5072 | D:6      | Reached XP level 8. HP: 39/71 MP: 7/7
  5343 | D:6      | Found Piyrat's Weapon Shoppe.
  6037 | D:6      | Found a runed translucent door.
  6038 | D:6      | Noticed Crazy Yiuf
  6050 | D:6      | Killed Crazy Yiuf
  6505 | D:4      | Bought a potion of heal wounds for 65 gold pieces
  6505 | D:4      | Bought a potion of heal wounds for 65 gold pieces
  6580 | D:7      | Reached skill level 9 in Axes
  6585 | D:7      | Reached XP level 9. HP: 67/79 MP: 8/8
  6794 | D:7      | Found a blossoming altar of Fedhas.
  6965 | D:7      | Found a basalt altar of Yredelemnul.
  7110 | D:7      | Acquired the +6 broad axe "Deogot" {vorpal, Int+3}
  7322 | D:7      | Found a staircase to the Ecumenical Temple.
  7423 | D:8      | Noticed Psyche
  7439 | D:8      | Killed Psyche
  7440 | D:8      | Reached skill level 10 in Axes
  7518 | D:8      | Noticed a death yak
  7522 | D:8      | Found a staircase to the Lair.
  7661 | D:8      | Killed a death yak
  7662 | D:8      | Reached skill level 11 in Axes
  7662 | D:8      | Reached skill level 5 in Evocations
  7662 | D:8      | Reached XP level 10. HP: 44/90 MP: 9/9
  7973 | D:8      | Identified the +6 long sword "Killer Klown's Curse" {elec,
                  | *Rage Str+6}
  8039 | D:8      | Found a stormy altar of Qazlal.
  8076 | D:8      | Noticed Erica
  8084 | D:8      | Killed Erica
  8741 | D:9      | Found a radiant altar of Vehumet.
  8829 | D:9      | Reached ** piety under Ashenzari
  9147 | D:10     | Entered Level 10 of the Dungeon
  9147 | D:10     | Found Uleqet's Book Shoppe.
  9180 | D:10     | Identified the +9 hand axe of Resumed Hostilities {drain,
                  | *Noise Int+6 Dex+5}
  9246 | D:10     | Noticed a two-headed ogre
  9249 | D:10     | Killed a two-headed ogre
  9250 | D:10     | Reached skill level 12 in Axes
  9385 | D:10     | Noticed a gargoyle
  9392 | D:10     | Killed a gargoyle
  9407 | D:10     | Found a staircase to the Orcish Mines.
  9409 | D:10     | Found an iron altar of Okawaru.
  9516 | D:10     | Reached XP level 11. HP: 51/99 MP: 10/10
  9854 | D:10     | Noticed a two-headed ogre
  9863 | D:10     | Killed a two-headed ogre
 10146 | D:10     | Noticed Josephine
 10160 | D:10     | Killed Josephine
 10161 | D:10     | Reached skill level 13 in Axes
 10269 | D:10     | Found a shimmering blue altar of Sif Muna.
 10494 | D:11     | Found Aluczit's General Store.
 10500 | D:11     | Bought a potion of curing for 45 gold pieces
 10522 | D:11     | Found Animn's Weapon Shop.
 10522 | D:11     | Noticed a white ugly thing
 10532 | D:11     | Killed a white ugly thing
 10676 | D:11     | Found Elyevir's Jewellery Shoppe.
 10710 | D:11     | Noticed an eight-headed hydra
 10721 | D:11     | Killed an 11-headed hydra
 10722 | D:11     | Reached skill level 10 in Shields
 11033 | D:11     | Found Duirozel's Antique Armour Shop.
 11352 | D:12     | Noticed a boulder beetle
 11357 | D:12     | Killed a boulder beetle
 11426 | D:12     | Noticed Nergalle
 11444 | D:12     | Killed Nergalle
 11496 | D:12     | Noticed Urug
 11504 | D:12     | Killed Urug
 11505 | D:12     | Reached XP level 12. HP: 96/108 MP: 11/11
 11584 | D:12     | Reached skill level 14 in Axes
 11781 | D:12     | Noticed Kirke
 11796 | D:12     | Killed Kirke
 11857 | D:12     | Noticed Sonja
 11867 | D:12     | Killed Sonja
 12207 | Orc:1    | Entered Level 1 of the Orcish Mines
 12216 | Orc:1    | Reached skill level 10 in Fighting
 12642 | Orc:2    | Entered Level 2 of the Orcish Mines
 12694 | Orc:2    | Found Sungeri's Book Shoppe.
 12711 | Orc:2    | Reached skill level 10 in Armour
 13218 | Orc:2    | Reached skill level 15 in Axes
 13300 | Orc:2    | Noticed a two-headed ogre
 13316 | Orc:2    | Killed a two-headed ogre
 13674 | Orc:2    | Found Kuhawah's General Store.
 13675 | Orc:2    | Found a staircase to the Elven Halls.
 13884 | Orc:2    | Found Ydghoc's Magic Scroll Emporium.
 14140 | Orc:2    | Bought a scroll of enchant armour for 105 gold pieces
 14250 | Orc:2    | Noticed Saint Roka
 15115 | Orc:2    | Reached XP level 13. HP: 100/117 MP: 12/12
 15138 | Orc:2    | Killed Saint Roka
 15139 | Orc:2    | Reached skill level 16 in Axes
 15455 | Orc:2    | Found Tiofeis's Antique Armour Shop.
 15482 | Orc:2    | Found Hisacvy's Antique Weapon Boutique.
 15757 | Orc:2    | Acquired 834 gold pieces
 15795 | Orc:2    | Bought a scroll of blinking for 105 gold pieces
 15795 | Orc:2    | Bought a scroll of acquirement for 728 gold pieces
 15931 | D:11     | Bought a ring of willpower for 375 gold pieces
 16174 | Lair:1   | Entered Level 1 of the Lair of Beasts
 16347 | Lair:1   | Found a gate leading to a gauntlet.
 16373 | Gauntlet | Entered a Gauntlet
 16373 | Gauntlet | Found a transporter.
 16376 | Gauntlet | Found a transporter.
 16387 | Gauntlet | Found a runed translucent gate.
 16388 | Gauntlet | Identified the +2 cloak of the Armadillo {Harm rElec rCorr
                  | Stlth-}
 16390 | Gauntlet | Found a runed translucent gate.
 16391 | Gauntlet | Found a transporter.
 16392 | Gauntlet | Found a runed translucent gate.
 16397 | Gauntlet | Found a transporter.
 16399 | Gauntlet | Noticed a green death
 16408 | Gauntlet | Found a transporter.
 16479 | Gauntlet | Found a transporter.
 16494 | Gauntlet | Found a transporter.
 16494 | Gauntlet | Found a transporter.
 16521 | Gauntlet | Found a transporter.
 16525 | Gauntlet | Noticed a fire dragon
 16525 | Gauntlet | a torpor snail changed into a fire dragon
 16526 | Gauntlet | Noticed a quicksilver ooze
 16526 | Gauntlet | a fire dragon changed into a quicksilver ooze
 16530 | Gauntlet | Killed a quicksilver ooze
 16542 | Gauntlet | Identified the +2 pair of boots "Rubre" {Int+2}
 16584 | Gauntlet | Identified the +3 hat of Resopru {rPois Regen+ Str+7}
 16707 | Gauntlet | Found a transporter.
 16732 | Gauntlet | Noticed a minotaur
 16895 | Lair:1   | Noticed Fannar
 16909 | Lair:1   | Killed Fannar
 18100 | Lair:2   | Found a hole to the Spider Nest.
 18109 | Lair:2   | Identified the +1 robe "Zisast" {Int+2 Dex+6}
 18117 | Lair:2   | Noticed Prince Ribbit
 18132 | Lair:2   | Killed Prince Ribbit
 18281 | Lair:3   | Found the +8 Vampire's Tooth {vamp}
 18511 | Lair:3   | Found a staircase to the Swamp.
 18589 | Lair:3   | Reached XP level 14. HP: 134/135 MP: 13/13
 19235 | Lair:4   | Noticed Snorg
 19245 | Lair:4   | Killed Snorg
 19807 | Lair:4   | Identified the +0 robe of Xity {Will+ Int+3 Slay+2}
 20688 | Lair:6   | Entered Level 6 of the Lair of Beasts
 20848 | Lair:6   | Found a staircase to the Slime Pits.
 21877 | Lair:6   | Reached skill level 15 in Fighting
 22095 | Lair:6   | Found a large runed translucent door.
 22096 | Lair:6   | Found a large runed translucent door.
 23062 | Swamp:1  | Entered Level 1 of the Swamp
 23357 | Swamp:1  | Identified the +3 scale mail of Skepticism {rElec Int-2
                  | Dex+4}
 24129 | Swamp:1  | Reached skill level 5 in Dodging
 24393 | Swamp:2  | Reached XP level 15. HP: 146/148 MP: 14/14
 24948 | Swamp:2  | Noticed a thorn hunter
 24974 | Swamp:2  | Killed a thorn hunter
 28045 | Swamp:3  | Noticed a thorn hunter
 28062 | Swamp:3  | Killed a thorn hunter
 28473 | Swamp:4  | Entered Level 4 of the Swamp
 28570 | Swamp:4  | Noticed a fenstrider witch
 28580 | Swamp:4  | Killed a fenstrider witch
 29897 | Spider:1 | Entered Level 1 of the Spider Nest
 30180 | Spider:1 | Reached XP level 16. HP: 161/161 MP: 15/15
 30568 | Spider:1 | Found a shimmering altar of Xom.
 30568 | Spider:1 | Noticed Beorghan's ghost (adept MiBe)
 30568 | Spider:1 | Identified the +8 plate armour of Defiance {Int+3}
 30569 | Spider:1 | Found a runed translucent door.
 30838 | Spider:2 | Reached skill level 10 in Dodging
 32044 | Spider:4 | Entered Level 4 of the Spider Nest
 33087 | Spider:4 | Reached skill level 15 in Armour
 33474 | Spider:4 | Got a gossamer rune of Zot
 33792 | D:4      | Bought a potion of curing for 39 gold pieces
 33792 | D:4      | Bought a potion of curing for 39 gold pieces
 33792 | D:4      | Bought a potion of curing for 39 gold pieces
 34350 | D:13     | Found a gate to the Vaults.
 34363 | D:13     | Reached XP level 17. HP: 164/173 MP: 16/16
 35262 | D:14     | Noticed Louise
 35280 | D:14     | Noticed Rupert
 35290 | D:14     | Killed Louise
 35293 | D:14     | Killed Rupert
 35834 | D:14     | Noticed Frances
 35875 | D:14     | Killed Frances
 36310 | D:14     | Found a transporter.
 36318 | D:14     | Found a viscous altar of Jiyva.
 36318 | D:14     | Noticed an acid blob
 36934 | D:14     | Found a transporter.
 36954 | D:15     | Entered Level 15 of the Dungeon
 37002 | D:15     | Found the +7 great mace "Undeadhunter" {disrupt, rN+}
 37084 | D:15     | Found an opulent altar of Gozag.
 37836 | D:15     | Found a staircase to the Depths.
 38144 | Depths:1 | Entered Level 1 of the Depths
 38433 | Elf:1    | Entered Level 1 of the Elven Halls
 39052 | Elf:1    | Cast into level 2 of the Abyss (+3 long sword of
                  | distortion)
 39079 | Elf:1    | Escaped the Abyss
 39572 | Elf:1    | Reached XP level 18. HP: 135/187 MP: 17/17
 40782 | Elf:2    | Reached skill level 17 in Axes
 40821 | Elf:3    | Entered Level 3 of the Elven Halls
 41144 | Elf:3    | Found Hilauh's Mayhem Merchandise.
 41144 | Elf:3    | Found Neogouc's General Store.
 41294 | Elf:3    | Found Wayxirph's Jewellery Shoppe.
 41367 | Elf:3    | Bought a potion of curing for 51 gold pieces
 41367 | Elf:3    | Bought a potion of curing for 51 gold pieces
 41407 | Elf:3    | Found Ryroohugga's Weapon Boutique.
 42401 | Elf:3    | Found the amulet of the Air {Inacc Air Fly rElec RMsl}
 42433 | Elf:3    | Reached skill level 15 in Dodging
 42437 | Elf:3    | Noticed a Hell Sentinel
 42731 | Elf:3    | Identified the +9 glaive "Qitisuz" {vorpal, rF+ Str+5}
 42753 | Elf:3    | Reached skill level 18 in Axes
 42807 | Elf:3    | Identified the +4 short sword of Uneexaej {flame, MP+9}
 42814 | Elf:3    | Noticed a Brimstone Fiend
 42814 | Elf:3    | Noticed a Brimstone Fiend
 42820 | Elf:3    | Noticed a Brimstone Fiend
 42822 | Elf:3    | Noticed an Ice Fiend
 43435 | Elf:3    | Identified the +3 scale mail "Ontosak" {Dex+7}
 43444 | Elf:3    | Noticed a Tzitzimitl
 45000 | Depths:1 | Found a gateway to Hell.
 45012 | Depths:1 | Found Sehy's General Store.
 45014 | Depths:1 | Found Jutesk's Armour Boutique.
 45022 | Depths:1 | Bought a scroll of teleportation for 54 gold pieces
 45022 | Depths:1 | Bought a potion of curing for 54 gold pieces
 45451 | Depths:1 | Found a shimmering altar of Xom.
 45475 | Depths:1 | Reached XP level 19. HP: 93/196 MP: 18/18
 45761 | Depths:1 | Found a shimmering altar of Xom.
 45761 | Depths:1 | Found a shimmering altar of Xom.
 45769 | Depths:1 | Found a shimmering altar of Xom.
 45965 | Depths:1 | Found a gateway to a ziggurat.
 46125 | Depths:1 | Found a shimmering altar of Xom.
 46562 | Depths:1 | Found a blossoming altar of Fedhas.
 46978 | Depths:1 | Acquired the amulet of Vitality {Regen+ HP+15}
 46978 | Depths:1 | Found the amulet of Vitality {Regen+ HP+15}
 47027 | Depths:2 | Found a bloodstained altar of Trog.
 47078 | Depths:2 | Found a runed translucent gate.
 47091 | Depths:2 | Found a runed translucent gate.
 47093 | Depths:2 | Found a runed translucent gate.
 47094 | Depths:2 | Noticed Hogiurom's ghost (adept TrMo)
 47491 | Depths:2 | Reached skill level 19 in Axes
 47491 | Depths:2 | Reached skill level 1 in Stealth
 48463 | Depths:3 | Paralysed by a floating eye for 4 turns
 48472 | Depths:3 | Paralysed by a floating eye for 3 turns
 48653 | Depths:3 | Found a one-way gate leading to the halls of Pandemonium.
 49143 | Depths:3 | Found a transporter.
 49154 | Depths:3 | Found a corrupted altar of Lugonu.
 49154 | Depths:3 | Identified the ring "Vukopid" {rPois rN+ Will+}
 49211 | Depths:3 | Found a runed translucent door.
 49211 | Depths:3 | Found a shimmering altar of Xom.
 49211 | Depths:3 | Noticed Pikuto's ghost (adept MiBe)
 49211 | Depths:3 | Identified the +4 broad axe of Blood {chaos, rCorr Str+2
                  | Int+3 Dex+2}
 49263 | Depths:3 | Found a transporter.
 49358 | Depths:3 | Reached XP level 20. HP: 134/206 MP: 19/19
 49590 | Depths:3 | Reached skill level 20 in Axes
 49716 | Depths:4 | Found a broken altar of Ashenzari.
 50097 | Depths:4 | Gained mutation: Your body sometimes deteriorates upon
                  | taking damage. [a shining eye]
 50570 | Depths:4 | Identified the +10 dagger "Tonaiwath" {holy, rElec Will+
                  | Str-4 Int+3}
 50614 | Depths:4 | Reached skill level 5 in Stealth
 50925 | Depths:4 | Noticed Boris
 50930 | Depths:4 | Killed Boris
 51380 | Depths:4 | Found a one-way gate to the infinite horrors of the Abyss.
 51578 | Depths:5 | Entered Level 5 of the Depths
 51811 | Depths:5 | Noticed a golden dragon
 52043 | Depths:4 | Killed a golden dragon
 52044 | Depths:4 | Reached skill level 21 in Axes
 53070 | Depths:5 | Found a gate to the Realm of Zot.
 53088 | Depths:5 | Reached XP level 21. HP: 214/214 MP: 20/20
 54600 | Swamp:4  | Got a decaying rune of Zot
 54871 | Vaults:1 | Entered Level 1 of the Vaults
 55627 | Vaults:1 | Found a large runed translucent door.
 55627 | Vaults:1 | Found a large runed translucent door.
 55628 | Vaults:1 | Found a large runed translucent door.
 55628 | Vaults:1 | Found a large runed translucent door.
 55628 | Vaults:1 | Found a large runed translucent door.
 55628 | Vaults:1 | Found a large runed translucent door.
 55628 | Vaults:1 | Found a large runed translucent door.
 55628 | Vaults:1 | Found a large runed translucent door.
 55628 | Vaults:1 | Noticed VictoriousLee's ghost (adept DsAK)
 55882 | Vaults:1 | Reached skill level 22 in Axes
 57083 | Vaults:1 | Found Xaashrie's Distillery.
 57105 | Vaults:1 | Bought a potion of curing for 45 gold pieces
 57105 | Vaults:1 | Bought a potion of curing for 45 gold pieces
 57105 | Vaults:1 | Bought a potion of heal wounds for 75 gold pieces
 57105 | Vaults:1 | Bought a potion of curing for 45 gold pieces
 57844 | Orc:2    | Bought a pair of embroidered gloves for 240 gold pieces
 58890 | Vaults:2 | Found a staircase to the Crypt.
 59111 | Vaults:2 | Reached XP level 22. HP: 216/222 MP: 21/21
 59251 | Vaults:2 | Found Jyopaty's Book Shop.
 59845 | Vaults:2 | Reached skill level 23 in Axes
 60448 | Vaults:3 | Noticed Asterion
 60823 | Vaults:3 | Noticed Margery
 60851 | Vaults:3 | Killed Margery
 61124 | Vaults:3 | Killed Asterion
 61208 | Vaults:3 | Reached skill level 15 in Shields
 62815 | Vaults:4 | Reached skill level 10 in Stealth
 62818 | Vaults:4 | Identified the +0 chain mail of Action {*Slow Dex+9}
 63304 | Vaults:4 | Reached XP level 23. HP: 226/229 MP: 22/22
 63596 | Vaults:4 | Identified the +11 quarterstaff of Objectivity {protect,
                  | rF+ Stlth+}
 63999 | Vaults:5 | Entered Level 5 of the Vaults
 64088 | Vaults:5 | Reached skill level 24 in Axes
 64697 | Vaults:5 | Identified the +5 spear of the Chickpea {flame, rC+ Str+6}
 64987 | Vaults:5 | Reached *** piety under Ashenzari
 65770 | Vaults:5 | Identified the +1 leather armour of Jaeshrula {Slay+4}
 65770 | Vaults:5 | Found the +6 Majin-Bo {vamp, MP+6 Int+6}
 65903 | Vaults:5 | Identified the Compendium of Poisoning and Stones
 66342 | Vaults:5 | Identified the ring "Opiboumad" {Drain Will+ Int+5}
 66452 | Vaults:5 | Reached XP level 24. HP: 239/239 MP: 22/22
 66653 | Vaults:5 | Identified the Compendium of Scorching Moulding
 66664 | Vaults:5 | Got a silver rune of Zot
 66949 | Vaults:5 | Identified the +10 falchion of Income {chaos, Str+4 Stlth-}
 66949 | Vaults:5 | Identified the ring "Oran" {Will+ Str+3 Int+2 SInv}
 66987 | Vaults:5 | Noticed a dread lich
 66994 | Vaults:5 | Noticed a dread lich
 67002 | Vaults:5 | Killed a dread lich
 67003 | Vaults:5 | Reached skill level 25 in Axes
 67013 | Vaults:5 | Killed a dread lich
 67238 | Vaults:5 | Identified the Incunabulum of the Entourage
 68249 | Slime:1  | Entered Level 1 of the Pits of Slime
 68976 | Slime:5  | Entered Level 5 of the Pits of Slime
 69523 | Slime:5  | Gained mutation: You are dopey. (Int -2) [a shining eye]
 69526 | Slime:5  | Gained mutation: You are very dopey. (Int -4) [a shining
                  | eye]
 70058 | Slime:5  | Gained mutation: You sometimes lose the ability to read
                  | scrolls when taking damage. [a shining eye]
 70059 | Slime:5  | Gained mutation: You are frail. (-10% HP) [a shining eye]
 70247 | Slime:5  | Noticed the Royal Jelly
 70853 | Slime:5  | Gained mutation: Potions are less effective at restoring
                  | your health. [a shining eye]
 70888 | Slime:5  | Gained mutation: Your body often deteriorates upon taking
                  | damage. [a shining eye]
 70891 | Slime:5  | Gained mutation: You do not regenerate when monsters are
                  | visible. [a shining eye]
 71043 | Slime:5  | Found a viscous altar of Jiyva.
 71044 | Slime:5  | Identified the +2 leather armour of Egalitarianism {rPois
                  | rC- rCorr Str+3}
 71044 | Slime:5  | Identified the +6 great mace of Severance {drain, rPois
                  | rC+}
 71044 | Slime:5  | Identified the ring of Zeledumu {rN+ Will- rCorr Dex-5
                  | Stlth+}
 71047 | Slime:5  | Identified the +2 mace of Plunder {flame, rElec Int-2 SInv}
 71325 | Slime:5  | Killed the Royal Jelly
 71528 | Slime:5  | Got a slimy rune of Zot
 71742 | Slime:4  | Lost mutation: You do not regenerate when monsters are
                  | visible. [potion of mutation]
 71742 | Slime:4  | Lost mutation: You are frail. (-10% HP) [potion of
                  | mutation]
 71742 | Slime:4  | Gained mutation: Your flesh is cold resistant. (rC+)
                  | [potion of mutation]
 71742 | Slime:4  | Gained mutation: You have sharp toenails. [potion of
                  | mutation]
 71743 | Slime:4  | Lost mutation: You are very dopey. (Int -4) [potion of
                  | mutation]
 71743 | Slime:4  | Lost mutation: You sometimes lose the ability to read
                  | scrolls when taking damage. [potion of mutation]
 71743 | Slime:4  | Lost mutation: You are dopey. (Int -2) [potion of mutation]
 71743 | Slime:4  | Gained mutation: You expend magic power (3 MP) to
                  | strengthen your wands. [potion of mutation]
 71743 | Slime:4  | Gained mutation: You are covered in fur. (AC +1) [potion of
                  | mutation]
 72568 | Depths:2 | Identified Sif Muna's Handbook of the Ensnaring Volcanoes
 72967 | Crypt:1  | Entered Level 1 of the Crypt
 73416 | Crypt:1  | Identified the +2 arbalest "Tucemooh" {venom, Contam Str+8
                  | SInv}
 74389 | Elf:3    | Identified the ring of Heolopett {rF- EV+4 Int-3 Dex+6}
 74490 | Elf:3    | Bought 2 silver javelins for 48 gold pieces
 75372 | Zot:1    | Entered Level 1 of the Realm of Zot
 75393 | Zot:1    | Reached XP level 25. HP: 229/247 MP: 22/22
 77259 | Zot:2    | Noticed a shard shrike
 77260 | Zot:2    | Noticed a shard shrike
 77286 | Zot:2    | Found a transporter.
 77286 | Zot:2    | Noticed a shard shrike
 77297 | Zot:2    | Identified the +0 cloak of Xom's Reproof {Rampage}
 77630 | Zot:2    | Reached skill level 1 in Polearms
 78293 | Zot:2    | Found a transporter.
 78298 | Zot:2    | Noticed Goitinis's ghost (veteran DgFi)
 80354 | Crypt:2  | Identified the +0 quarterstaff of the Sugar Beet {vorpal,
                  | MP+9}
 80427 | Crypt:2  | Reached **** piety under Ashenzari
 81585 | Crypt:2  | Noticed a dread lich
 81597 | Crypt:2  | Found a runed door.
 81622 | Crypt:2  | Identified the ring "Etougif" {rPois rN+ Will- MP+9 Str+3}
 81623 | Crypt:2  | Identified the +1 leather armour of Vanity {-Tele rC-
                  | Will+++ Slay+5}
 81626 | Crypt:2  | Noticed an ancient lich
 81738 | Crypt:2  | Killed a dread lich
 81739 | Crypt:2  | Reached XP level 26. HP: 266/266 MP: 23/23
 81744 | Crypt:2  | Killed an ancient lich
 81874 | Crypt:2  | Acquired a manual of Evocations
 81935 | Crypt:3  | Entered Level 3 of the Crypt
 82120 | Crypt:3  | Reached skill level 1 in Spellcasting
 82548 | Crypt:3  | Noticed Boris
 82578 | Crypt:3  | Reached skill level 10 in Evocations
 82591 | Crypt:3  | Killed Boris
 82683 | Crypt:3  | Identified the ring "Xuqoal" {rElec rC- rN+ rCorr SInv}
 82683 | Crypt:3  | Identified the ring of Edystroi {+Blink rN+}
 83058 | Crypt:3  | Found a staircase to the Tomb.
 83736 | Crypt:3  | Found an ancient bone altar of Kikubaaqudgha.
 83793 | Crypt:3  | Identified the Almanac of Evil
 83824 | Crypt:3  | Noticed a dread lich
 83838 | Crypt:3  | Killed a dread lich
 84741 | Zot:3    | Reached skill level 5 in Spellcasting
 84741 | Zot:3    | Reached skill level 1 in Earth Magic
 85190 | Zot:3    | Identified the +8 shortbow of Quantum Leap {venom, rC+}
 86763 | Zot:4    | Reached skill level 5 in Earth Magic
 86912 | Zot:4    | Reached XP level 27. HP: 123/273 MP: 37/37
 87460 | Zot:4    | Found the +7 pair of quick blades "Gyre" and "Gimble"
                  | {protect}
 87650 | Zot:5    | Entered Level 5 of the Realm of Zot
 88466 | Zot:5    | Noticed an orb of fire
 88470 | Zot:5    | Noticed an orb of fire
 88471 | Zot:5    | Noticed an orb of fire
 88473 | Zot:5    | Noticed a dread lich
 88475 | Zot:5    | Noticed an orb of fire
 88477 | Zot:5    | Gained mutation: Your magical capacity is low. (-10% MP)
                  | [an orb of fire]
 88714 | Zot:4    | Lost mutation: You expend magic power (3 MP) to strengthen
                  | your wands. [potion of mutation]
 88714 | Zot:4    | Lost mutation: Your magical capacity is low. (-10% MP)
                  | [potion of mutation]
 88714 | Zot:4    | Gained mutation: You have razor-sharp toenails. [potion of
                  | mutation]
 88714 | Zot:4    | Gained mutation: Your movements are slightly less
                  | encumbered by armour. (ER -2) [potion of mutation]
 88714 | Zot:4    | Gained mutation: Armour fits poorly on your strangely
                  | shaped body. [potion of mutation]
 88833 | Zot:5    | Gained mutation: Your magical capacity is low. (-10% MP)
                  | [an orb of fire]
 88838 | Zot:5    | Killed an orb of fire
 88895 | Zot:5    | Gained mutation: You are occasionally teleported next to
                  | monsters. [an orb of fire]
 88907 | Zot:5    | Gained mutation: You are weak. (Str -2) [an orb of fire]
 88917 | Zot:5    | Killed from afar by an orb of fire

Illustrated notes

Levels and vault maps discovered:
D:1:      heliophobic_arrival_dark_side_of_the_moon, layout_basic,
          serial_corexii_hall, corexii_hall_statues_i, corexii_hall_statues_x,
          serial_shops, nicolae_shop_trees
D:2:      layout_rooms, serial_shops, shop, serial_corexii_hall,
          corexii_hall_statues_u, chequers_hall_statues_y
D:3:      layout_loops_ring, mainiacjoe_overflow_surrounded_room,
          nicolae_hepliaklqana_monster_ancestors,
          mainiacjoe_overflow_catwalk_spiral, chequers_ecumenical_altar_simple,
          serial_bayou_pond_b, kennysheep_generic_room_7
D:4:      layout_loops_ring, elyvilon_altar_3, grunt_temple_overflow_open,
          serial_shops, nicolae_shop_behind_doors, nicolae_diamond_shop,
          nicolae_lakefront_shop, shop
D:5:      layout_basic, minivault_11, uniq_ijyb
D:6:      layout_basic, serial_shops, nicolae_lakefront_shop, uniq_pikel,
          uniq_crazy_yiuf_cottage
D:7:      layout_basic, mainiacjoe_overflow_chevrons, kennysheep_little_box,
          minmay_temple_entry_poolview
D:8:      layout_rooms, mainiacjoe_overflow_cross_hatched, david_lair_generic,
          kennysheep_another_room, minmay_misc_feat_alley, uniq_erica,
          uniq_psyche
D:9:      layout_roguey, vehumet_altar_wand_db, minmay_misc_feat_encased,
          minmay_strange_pillars
D:10:     layout_roguey, okawaru_ov_weapons_minmay, lemuel_tele_altar,
          orc_0_dummy, serial_shops, nicolae_stop_n_shop_1,
          amcnicky_mini_rare_corridor_liquid, grunt_ministairs_11,
          nicolae_looking_at_the_future, uniq_josephine
D:11:     layout_roguey, serial_shops, shop, nicolae_shop_waterfront,
          nicolae_stop_n_shop_1, shop
D:12:     layout_roguey, kennysheep_generic_room_6, uniq_nergalle, uniq_urug,
          uniq_kirke, uniq_sonja
D:13:     layout_long_grid, david_vaults_5, bh_circular_ruins
D:14:     gammafunk_jiyva_shrine, layout_cave_pools, minmay_misc_feat_tower,
          uniq_louise, uniq_frances, uniq_rupert
D:15:     gammafunk_depths_entry_grave, layout_rooms, grunt_gozag_breadcrumbs
Lair:1:   layout_regular_city, gauntlet_entry_generic, uniq_fannar
Lair:2:   layout_long_grid, nicolae_spider_entry_non_spiders,
          uniq_prince_ribbit2
Lair:3:   layout_regular_city, minmay_swamp_entry_reptiles
Lair:4:   layout_big_grid, beast_lair_carwin_3, minmay_lair_oklob_chamber,
          uniq_snorg
Lair:5:   layout_regular_city
Lair:6:   cheibrodos_lair_end_hotspot, layout_layer_cave,
          minmay_slime_entry_oklob_enclosed
Swamp:1:  layout_basic_swamp, nicolae_swamp_very_dense_foliage
Swamp:2:  layout_falls_marsh, nicolae_swamp_ascending_descending
Swamp:3:  layout_basic_swamp, hangedman_swamp_diagram
Swamp:4:  swamp_pestilence, layout_basic_swamp
Spider:1: layout_spider_delve, ebering_ghost_xom,
          nicolae_spider_not_touching_you
Spider:2: layout_spider_delve, special_room, nicolae_spider_wall_of_niches
Spider:3: layout_spider_delve
Spider:4: grunt_spider_rune_parallel, portal_ice_cave_entry_pillars_2,
          nicolae_spider_claw_tunnel
Slime:1:  cheibrodos_slime_lost_civilization_2, layout_caves
Slime:2:  layout_caves, uniq_dissolution
Slime:3:  layout_caves, nicolae_slime_phagocytosis
Slime:4:  layout_caves
Slime:5
Orc:1:    layout_caves, basic_altar
Orc:2:    grunt_orc_community_town_hall, layout_diamond_mine,
          grunt_orc_community_big_house_1, grunt_orc_community_big_house_2,
          grunt_orc_community_house_2, grunt_orc_community_house_3,
          grunt_orc_community_house_2, grunt_orc_community_house_3,
          grunt_orc_community_house_3, grunt_orc_community_house_2, basic_altar,
          nicolae_volcano_entry_batcave, serial_shops, nicolae_shop_crystal,
          nicolae_orc_stony_grotto
Elf:1:    minmay_elf_arrival_plus, layout_onion_city, minmay_elf_crystal_hexagon
Elf:2:    nicolae_elf_blades_crystal_corner, layout_rooms, drop_trap
Elf:3:    minmay_elf_hall_not_hex, layout_onion_city, serial_shops,
          nicolae_shop_window_shopping, minmay_shop_mayhem, minmay_shop_star,
          uniq_saint_roka
Vaults:1: advil_vaults_ghost_lines, v_misc_33, vaults_room_boxed,
          nicolae_vaults_border_crossing, dpeg_vaults_monster_box,
          nicolae_vaults_asterisk, vaults_room_pools, vaults_standard_mumra_x,
          v_misc_3, vaults_dpeg_encased_lava, grunt_vaults_hallway_short,
          nicolae_vaults_asterisk, layout_vaults_chaotic_city, serial_shops,
          nicolae_lakefront_shop
Vaults:2: vaults_room_fours, v_alt_pattern_5, nicolae_vaults_triangles,
          v_alt_pattern_1, minmay_crypt_entry_simple_walls, v_misc_28,
          ontoclasm_vaults_spin, v_pattern_4, nicolae_vaults_little_squares_5,
          st_lines, ontoclasm_vaults_ring_square,
          nicolae_vaults_little_squares_5, nicolae_vaults_shelves_hall,
          layout_vaults_ring, serial_shops, nicolae_shop_statue_plus
Vaults:3: v_misc_28, v_misc_2, layout_vaults_quadrants, uniq_asterion,
          uniq_margery
Vaults:4: v_misc_30, nicolae_vaults_little_squares_2,
          nicolae_vaults_little_squares_5, v_misc_4, v_misc_15, v_alt_pattern_3,
          ontoclasm_vaults_misaligned, hangedman_vaults_hat,
          hangedman_vaults_variations, grunt_vaults_hallway_short, v_pattern_1,
          hangedman_vaults_maws, ontoclasm_vaults_twist, layout_vaults_omnicross
Vaults:5
Crypt:1:  layout_misc_corridors, roderic_lattice_octagonal_star
Crypt:2:  evilmike_wizard_prison, layout_rooms, st_stairs_6
Crypt:3:  quadcrypt_mu
Depths:1: layout_basic, enter_ziggurat_f, fedhas_altar_fruit_tree, hell_entry,
          xom_redecorated, minmay_shoptagon
Depths:2: minmay_textured_paths, layout_gridville, gammafunk_ghost_ooze,
          trog_three_pillars_becter, hell_entry, serial_bayou_shore_a,
          infiniplex_staircase_pool_1
Depths:3: gammafunk_corrupted_shrine, layout_basic, grunt_pan_entry_in_and_out,
          ebering_ghost_xom, pf_dread_powers_of_hell, hangedman_decor_lopped,
          minmay_staircase_statues
Depths:4: kennysheep_four_of_diamonds, layout_basic, lightli_too_deep,
          abyss_entry_glasseish, nicolae_ashenzari_panopticon, uniq_boris
Depths:5: grunt_crosshair, layout_cave_pools, hangedman_abyss_entry_splay,
          serial_glass, glass_columns_a, glass_columns_b, glass_columns_c,
          glass_columns_c, glass_columns_a, glass_columns_b, glass_columns_b,
          glass_columns_c, due_unseen_surprise, feat_on_display,
          item_on_display_b, grunt_hell_entry_dis_mu
Zot:1:    layout_onion_interference
Zot:2:    layout_concentric_octagons, gammafunk_ghost_berserking_beasts,
          hangedman_zot_decor_unnerving_road, st_stairs_8
Zot:3:    layout_misc_corridors, st_stairs_6
Zot:4:    minmay_elemental_castle, layout_concentric_octagons,
          grunt_megastairs_1
Zot:5:    layout_gridlike

Skill      XL: |  1  2  3  4  5  6  7  8  9 10 11 12 13 14 15 16 17 18 19 20 21 22 23 24 25 26 27 |
---------------+----------------------------------------------------------------------------------+-----
Fighting       | 4 5 6 7 8 9 10 13 15 17 19 21 22 23 24 | 24.0
Armour         | 4 5 6 7 8 9 10 11 13 14 15 16 17 18 19 20 | 20.5
Shields        | 4 5 6 7 8 11 13 14 15 17 21 23 | 23.0
Axes           | 3 4 5 8 9 11 12 13 15 16 18 19 21 22 23 24 25 | 25.1
Dodging        | 1 5 9 12 14 15 16 17 18 19 20 | 20.2
Evocations     | 2 3 5 6 8 9 14 | 14.6
Stealth        | 4 6 8 10 11 12 | 12.7
Polearms       | 1 |  1.0
Spellcasting   | 6 7 |  7.1
Earth Magic    | 5 |  5.8
Short Blades   | |  0.5
Long Blades    | |  0.7
Maces & Flails | |  0.6
Staves         | |  0.6
Slings         | |  0.5
Bows           | |  0.4
Crossbows      | |  0.6
Unarmed Combat | |  0.4
Conjurations   | |  0.3
Hexes          | |  0.3
Summonings     | |  0.3
Necromancy     | |  0.3
Translocations | |  0.3
Transmutations | |  0.3
Fire Magic     | |  0.2
Ice Magic      | |  0.3
Air Magic      | |  0.3
Poison Magic   | |  0.4
Invocations    | |  0.4

Action                   |  1- 3 |  4- 6 |  7- 9 | 10-12 | 13-15 | 16-18 | 19-21 | 22-24 | 25-27 || total
-------------------------+-------+-------+-------+-------+-------+-------+-------+-------+-------++-------
Melee: War axe           |    80 |   107 |   165 |       |       |       |       |       |       ||   352
       Headbutt          |    13 |    12 |    36 |   104 |   195 |   269 |   341 |   405 |   326 ||  1701
       Broad axe         |       |       |    30 |   510 |   969 |  1152 |  1264 |  1394 |  1127 ||  6446
Throw: Dart              |       |     6 |     2 |    13 |     8 |     2 |       |       |       ||    31
       Boomerang         |       |       |       |       |       |       |     3 |       |       ||     3
       Javelin           |       |       |       |       |       |       |       |       |     5 ||     5
Invok: Curse Item        |       |     2 |       |     1 |     1 |     1 |       |     2 |     2 ||     9
       Shatter the Chain |       |       |       |       |       |     1 |       |     1 |       ||     2
Evoke: Wand              |       |     2 |     4 |    34 |    48 |     9 |    21 |    25 |     5 ||   148
       Box of beasts     |       |       |       |       |     2 |     1 |     6 |     8 |     4 ||    21
       Condenser vane    |       |       |       |       |       |       |     4 |     5 |     3 ||    12
  Use: Scroll            |       |     2 |     1 |     7 |     2 |    13 |     4 |    10 |    13 ||    52
       Potion            |       |     1 |     1 |     3 |     1 |     8 |     5 |    16 |    12 ||    47
 Stab: Sleeping          |       |     3 |     1 |     3 |       |       |     9 |    12 |       ||    28
       Distracted        |       |       |       |     1 |       |     1 |     2 |     4 |     3 ||    11
       Confused          |       |       |       |       |     1 |       |       |       |       ||     1
       Fleeing           |       |       |       |       |       |       |       |     1 |       ||     1
       Invisible         |       |       |       |       |       |       |       |       |     5 ||     5
Armor: Scale mail        |    31 |    32 |       |       |   281 |   319 |    70 |       |       ||   733
       Shadow dragon sca |       |    10 |   132 |   135 |     9 |     7 |   449 |   350 |       ||  1092
       Skin              |       |       |       |       |       |       |     1 |       |       ||     1
       Gold dragon scale |       |       |       |       |       |       |       |   209 |   344 ||   553
       Storm dragon scal |       |       |       |       |       |       |       |       |    21 ||    21
Dodge: Dodged            |    31 |    26 |    48 |   101 |   227 |   373 |   472 |   430 |   295 ||  2003
Block: Kite shield       |    49 |    59 |   112 |   355 |   726 |   899 |   768 |   728 |   175 ||  3871
       Reflection        |       |       |       |     5 |    21 |    61 |     2 |       |       ||    89
       Tower shield      |       |       |       |       |       |       |       |       |   799 ||   799
